Map: Romanticide LE

Players

HeRoMaRinE

  • Race: Terran Terran
  • Spawn Location: 11:00

Maru - Winner!

  • Race: Terran Terran
  • Spawn Location: 5:00

Event: IEM Katowice 2021

VOD

Have the link to the VOD?

Description

Time

  • Played on: Feb. 26, 2021, 10:13 a.m.
  • Length: 20:00

All games in this series

Show
View Real Time Build Order
Export as new Build Order

HeRoMaRinE Terran 

Build Orders:  

Get SALT Encoding   

  12  0:00  SCV  
  13  0:12  SCV  
  14  0:17  Supply Depot  
  14  0:24  SCV  
  15  0:38  SCV  
  15  0:40  Barracks  
  16  0:43  Refinery  
  16  0:51  SCV  
  16  0:52  Refinery  
  17  1:03  SCV  
  18  1:15  SCV  
  19  1:27  Reaper, Orbital Command  
  19  1:29  Supply Depot  
  20  1:41  Factory  
  20  1:53  SCV  
  21  1:59  Reaper  
  22  2:05  SCV  
  23  2:17  SCV  
  23  2:20  Command Center  
  24  2:26  Hellion  
  24  2:29  SCV  
  27  2:32  Barracks Reactor  
  27  2:35  Supply Depot  
  27  2:41  SCV  
  28  2:47  Factory Tech Lab  
  28  2:51  Starport  
  28  2:53  SCV  
  28  3:06  SCV  
  28  3:12  Marine x2  
  29  3:15  Cyclone  
  29  3:18  SCV  
  29  3:19  Refinery  
  33  3:28  Starport Tech Lab  
  33  3:30  SCV  
  33  3:32  Orbital Command  
  36  3:42  SCV  
  36  3:48  Banshee  
  40  3:51  Cyclone  
  40  3:54  SCV  
  42  3:58  SCV  
  42  4:00  Marine  
  42  4:01  Marine  
  45  4:06  SCV  
  46  4:10  SCV  
  46  4:12  Supply Depot  
  47  4:18  SCV  
  47  4:23  SCV  
  51  4:25  Siege Tank  
  54  4:31  SCV  
  54  4:33  Raven  
  54  4:35  SCV  
  56  4:43  SCV  
  57  4:46  Command Center  
  57  4:47  SCV  
  57  4:51  Supply Depot  
  58  4:57  SCV, Siege Tank  
  62  5:02  Supply Depot  
  62  5:13  SCV x2, Marine x2  
  66  5:16  Raven  
  64  5:25  SCV x2  
  64  5:26  Refinery  
  66  5:30  Marine x2  
  68  5:37  SCV x2  
  68  5:39  Siege Tank  
  73  5:47  Barracks  
  73  5:48  Barracks, Marine x2  
  73  5:49  SCV x2  
  77  5:52  Supply Depot  
  75  5:59  Orbital Command  
  75  6:00  Engineering Bay  
  75  6:01  SCV, Engineering Bay  
  75  6:02  SCV  
  77  6:13  SCV  
  77  6:14  SCV  
  77  6:15  Viking x2  
  83  6:25  SCV  
  83  6:26  SCV  
  83  6:27  Stimpack, Siege Tank  
  83  6:31  Terran Infantry Weapons Level 1, Terran Infantry Armor Level 1  
  88  6:38  SCV, Barracks Reactor x2  
  88  6:39  Marine  
  91  6:42  Orbital Command  
  91  6:47  SCV  
  91  6:50  SCV, Viking  
  91  6:51  Viking  
  95  6:56  Marine  
  95  6:59  SCV  
  97  7:02  SCV  
  97  7:03  Supply Depot  
  97  7:04  Supply Depot  
  101  7:08  Siege Tank  
  101  7:12  SCV  
  101  7:15  Supply Depot  
  101  7:16  Supply Depot  
  101  7:24  SCV x3, Viking x2  
  101  7:27  Marine  
  101  7:28  Marine x2  
  111  7:33  Marine x2  
  111  7:36  SCV x2  
  115  7:37  SCV  
  115  7:39  Sensor Tower  
  115  7:41  Refinery x2  
  116  7:45  Marine  
  116  7:48  SCV x2  
  116  7:49  SCV  
  120  7:54  Armory  
  120  7:57  Barracks x2  
  120  8:01  SCV x2  
  120  8:03  SCV  
  123  8:09  Command Center  
  123  8:12  Medivac x2, Combat Shield  
  127  8:14  Siege Tank  
  127  8:17  SCV  
  133  8:25  Marine x2  
  133  8:28  Supply Depot  
  133  8:29  Supply Depot  
  133  8:33  Supply Depot  
  133  8:39  Marine x3  
  133  8:41  Terran Infantry Armor Level 2, Terran Infantry Weapons Level 2  
  136  8:43  Marine x2, Terran Vehicle Weapons Level 1  
  136  8:48  Barracks Reactor x2  
  138  8:51  SCV x3  
  138  8:52  Factory  
  141  8:56  Supply Depot  
  141  8:57  Marine x3  
  141  9:01  Marine  
  141  9:02  Medivac x2  
  147  9:03  SCV x3  
  147  9:06  Marine  
  151  9:13  Siege Tank, Refinery  
  151  9:15  SCV x3, Marine x3  
  158  9:18  Refinery  
  158  9:19  Marine  
  157  9:24  Marine  
  157  9:27  SCV  
  157  9:30  SCV  
  157  9:31  SCV  
  161  9:32  Sensor Tower  
  161  9:33  Marine x2  
  161  9:35  Marine x2, Viking x2  
  169  9:41  Marine x3, Barracks Reactor  
  169  9:42  Marine  
  169  9:45  Siege Tank  
  176  9:46  Siege Tank  
  179  9:55  Missile Turret  
  179  9:56  Missile Turret x2  
  179  9:58  Marine x4  
  183  10:01  Planetary Fortress  
  183  10:08  Command Center  
  183  10:14  Starport x2  
  183  10:15  Marine  
  183  10:17  Marine x2  
  183  10:20  Viking  
  188  10:23  Supply Depot, Siege Tank, Viking  
  188  10:27  SCV  
  188  10:28  SCV x2  
  188  10:35  Sensor Tower  
  188  10:40  SCV x3  
  191  10:44  Marine x2  
  191  10:45  Marine  
  191  10:46  Siege Tank  
  191  10:49  Marine  
  195  10:50  Marine  
  195  10:54  Marine  
  195  10:55  Marine  
  195  10:56  Starport Tech Lab  
  199  10:57  Terran Infantry Weapons Level 3, Starport Tech Lab, Terran Infantry Armor Level 3  
  199  11:04  Terran Vehicle Weapons Level 2  
  197  11:23  Command Center  
  197  11:25  Corvid Reactor  
  197  11:31  Command Center  
  197  11:35  Viking  
  198  11:42  Viking  
  198  11:44  Raven  
  198  11:46  Raven  
  198  11:54  Planetary Fortress  
  194  11:59  Command Center  
  194  12:05  Siege Tank x2  
  194  12:06  Command Center  
  194  12:07  Armory  
  197  12:21  Bunker  
  197  12:23  Missile Turret  
  197  12:27  Raven  
  197  12:28  Raven  
  200  12:31  Command Center  
  200  12:32  Command Center  
  195  12:37  Orbital Command  
  193  12:49  Viking x2  
  193  12:50  Refinery  
  195  12:51  Missile Turret  
  195  12:52  Marine x4, Refinery  
  195  12:53  Missile Turret  
  195  12:55  Missile Turret  
  195  12:57  Orbital Command  
  199  12:58  Missile Turret  
  196  13:10  Raven, Command Center  
  198  13:14  Missile Turret  
  195  13:23  Raven  
  195  13:24  Viking x2  
  195  13:25  Marine  
  195  13:26  Marine  
  200  13:27  Orbital Command  
  200  13:40  Terran Vehicle And Ship Armor Level 1, Terran Vehicle Weapons Level 3  
  196  13:41  Siege Tank x2  
  196  13:42  Marine  
  200  13:50  Orbital Command x3  
  200  14:10  Neosteel Armor, Hi-Sec Auto Tracking  
  200  14:17  Marine x2  
  189  14:21  Marine x2  
  189  14:23  Marine x2, Siege Tank x2  
  198  14:28  Raven  
  200  14:31  Starport  
  200  14:34  Starport  
  200  14:40  Refinery  
  200  14:41  Refinery  
  200  14:46  Starport  
  198  14:56  Raven  
  200  15:03  Viking  
  195  15:17  Marine x3  
  195  15:19  Siege Tank x2  
  195  15:20  Starport Reactor  
  185  15:21  Starport Tech Lab  
  185  15:25  Planetary Fortress  
  185  15:31  Viking x2  
  185  15:35  Terran Ship Weapons Level 1  
  189  15:39  Raven  
  191  15:47  Orbital Command  
  191  15:49  Raven  
  189  15:51  Starport Reactor, Viking  
  189  16:01  Raven, Viking  
  167  16:14  Orbital Command  
  156  16:20  Viking x2  
  156  16:22  Raven  
  160  16:30  Marine x2  
  160  16:32  Raven  
  163  16:34  Marine x2  
  163  16:35  Refinery  
  167  16:43  Missile Turret  
  167  16:44  Raven, Sensor Tower  
  167  16:45  Missile Turret  
  167  16:46  Missile Turret  
  169  16:47  Medivac  
  169  16:48  Medivac x3, Missile Turret  
  169  16:50  Viking  
  169  16:53  Marine  
  167  16:56  Marine x2  
  167  16:59  Marine x2  
  155  17:02  Marine x5  
  155  17:03  Siege Tank x2  
  155  17:05  Raven  
  160  17:11  Marine  
  160  17:14  Marine x2  
  160  17:15  Raven  
  165  17:17  Marine x2  
  165  17:19  Medivac  
  165  17:20  Marine x2  
  171  17:23  Medivac  
  171  17:27  Raven, Medivac  
  177  17:30  Liberator  
  180  17:43  Marine x2  
  182  17:46  Marine x2  
  182  17:48  Raven  
  184  17:55  Marine x2  
  184  17:57  Marine x3  
  184  17:58  Raven, Marine  
  189  17:59  Siege Tank  
  189  18:00  Liberator x2  
  189  18:01  Marine  
  189  18:04  Marine  
  196  18:44  Marine  
  196  18:45  Viking x2  
  183  18:50  Viking x2  
  183  18:51  Viking x5  
  183  18:56  Marine x2  
  183  19:10  Marine  
  183  19:13  Marine x2  
  183  19:15  Viking x2  
  190  19:20  Viking x2  
  190  19:21  Viking  
  168  19:32  Marine x3  
  168  19:33  Marine x4  
  168  19:34  Marine x2  
  168  19:36  Marine  
Show
View Real Time Build Order
Export as new Build Order

Maru Terran - Winner!

Build Orders: Cyclone Opening 

Get SALT Encoding   

  12  0:00  SCV  
  13  0:12  SCV  
  14  0:16  Supply Depot  
  14  0:24  SCV  
  15  0:38  SCV  
  15  0:39  Barracks  
  16  0:43  Refinery  
  16  0:50  SCV  
  16  0:53  Refinery  
  17  1:02  SCV  
  18  1:14  SCV  
  19  1:26  Reaper  
  19  1:27  Orbital Command  
  19  1:29  Supply Depot  
  20  1:43  Factory  
  20  1:52  SCV  
  21  1:58  Reaper  
  22  2:04  SCV  
  23  2:16  SCV  
  24  2:25  Command Center  
  24  2:27  Factory Tech Lab  
  24  2:29  SCV  
  25  2:31  Barracks Reactor  
  25  2:41  SCV  
  26  2:46  Cyclone  
  26  2:48  Supply Depot  
  29  2:53  SCV  
  29  2:58  Starport  
  30  3:05  SCV  
  29  3:14  Marine x2  
  29  3:17  SCV  
  29  3:18  Siege Tank  
  35  3:29  SCV  
  35  3:31  Marine x2  
  38  3:36  Orbital Command  
  38  3:38  Starport Tech Lab  
  38  3:40  Refinery  
  38  3:43  SCV  
  39  3:54  Marine x2  
  41  3:57  SCV  
  41  3:58  Raven  
  41  4:02  SCV  
  45  4:04  Supply Depot  
  45  4:09  SCV  
  46  4:11  Marine  
  46  4:12  Marine  
  48  4:21  SCV x2  
  50  4:25  Command Center  
  50  4:31  Siege Tank  
  53  4:33  SCV x2  
  53  4:38  Supply Depot  
  55  4:42  Raven  
  55  4:44  Marine x2  
  59  4:47  SCV x2  
  61  4:55  Refinery  
  61  4:59  SCV x2  
  63  5:01  Supply Depot  
  63  5:03  Siege Tank  
  66  5:07  Marine x2  
  66  5:11  Supply Depot  
  66  5:12  SCV  
  69  5:14  SCV  
  69  5:25  SCV  
  70  5:28  SCV  
  70  5:35  Siege Tank  
  74  5:37  SCV  
  74  5:38  Orbital Command  
  74  5:41  Viking x2  
  79  5:44  SCV  
  79  5:48  Stimpack, Marine  
  79  5:49  SCV  
  82  5:56  SCV  
  83  6:03  SCV  
  85  6:05  Barracks  
  85  6:07  Barracks  
  85  6:10  SCV, Engineering Bay  
  85  6:11  Engineering Bay  
  84  6:15  SCV  
  85  6:22  SCV  
  85  6:23  Marine  
  85  6:24  Siege Tank  
  90  6:27  SCV  
  90  6:31  Orbital Command  
  91  6:34  SCV  
  91  6:39  SCV  
  93  6:43  Terran Infantry Weapons Level 1, Terran Infantry Armor Level 1  
  93  6:46  SCV  
  90  6:51  SCV  
  90  6:56  Barracks Reactor  
  90  6:57  SCV, Barracks Reactor  
  90  6:59  SCV  
  92  7:03  SCV, Siege Tank  
  92  7:04  Supply Depot, Viking  
  92  7:06  Supply Depot  
  98  7:09  SCV, Viking  
  101  7:22  Barracks x2  
  101  7:24  Supply Depot x2  
  101  7:26  SCV x3, Refinery x2  
  104  7:31  Combat Shield  
  104  7:37  Viking  
  104  7:38  SCV x3  
  104  7:39  Viking  
  111  7:46  Supply Depot, Armory  
  111  7:48  Supply Depot  
  111  7:50  SCV x3, Siege Tank  
  117  8:02  SCV x3  
  117  8:04  Supply Depot  
  120  8:06  Marine x5  
  120  8:07  Medivac  
  120  8:09  Medivac  
  120  8:10  Barracks Reactor x2  
  129  8:14  SCV  
  129  8:17  Command Center, Sensor Tower  
  130  8:28  Missile Turret  
  130  8:29  Missile Turret  
  130  8:30  Siege Tank, Missile Turret  
  130  8:32  Marine x3  
  130  8:33  Factory  
  136  8:37  Supply Depot  
  136  8:43  Terran Infantry Armor Level 2, Terran Infantry Weapons Level 2  
  136  8:49  Marine x2, Terran Vehicle Weapons Level 1  
  136  8:50  Marine x4  
  142  8:59  Marine  
  142  9:01  Marine  
  144  9:04  Siege Tank  
  144  9:06  Medivac x2  
  144  9:07  Marine x2  
  152  9:12  SCV x3  
  155  9:17  Barracks Reactor  
  155  9:23  Sensor Tower  
  154  9:28  Marine  
  154  9:29  Marine x2  
  154  9:30  Supply Depot  
  156  9:35  SCV, Viking  
  156  9:36  SCV, Viking  
  156  9:37  SCV  
  163  9:41  Marine x2  
  165  9:47  Siege Tank x2, Missile Turret x2  
  165  9:49  Refinery, Starport  
  165  9:50  Marine, Starport  
  165  9:51  Marine, Refinery  
  165  9:52  Marine  
  174  9:55  Supply Depot  
  174  9:57  Planetary Fortress  
  174  10:05  Marine x3  
  174  10:06  Marine x3  
  180  10:10  Supply Depot  
  180  10:18  Viking  
  180  10:19  Siege Tank, Viking  
  187  10:28  Siege Tank  
  190  10:30  Marine x4  
  187  10:36  Marine  
  187  10:37  Starport Tech Lab x2  
  188  10:45  Command Center  
  188  10:47  Command Center  
  188  10:51  Siege Tank  
  188  10:55  Viking x2  
  195  11:00  Terran Infantry Weapons Level 3, Terran Infantry Armor Level 3  
  195  11:05  Armory  
  195  11:13  Terran Vehicle Weapons Level 2  
  192  11:20  Marine x8  
  200  11:30  Command Center  
  199  11:36  Corvid Reactor  
  199  11:41  Starport  
  199  11:43  Starport  
  198  11:58  Terran Vehicle And Ship Armor Level 1  
  198  12:06  Raven  
  200  12:14  Orbital Command  
  200  12:15  Command Center  
  197  12:40  Command Center  
  196  12:47  Missile Turret  
  196  12:48  Sensor Tower, Missile Turret  
  196  12:54  Starport Tech Lab, Planetary Fortress  
  196  12:58  Orbital Command  
  196  13:01  Raven x2  
  196  13:02  Sensor Tower  
  196  13:04  Missile Turret  
  196  13:05  Missile Turret, Fusion Core  
  200  13:07  Starport Reactor, Missile Turret  
  200  13:08  Missile Turret  
  200  13:16  Command Center  
  200  13:24  Raven  
  200  13:38  Command Center  
  200  13:58  Refinery  
  200  13:59  Refinery  
  200  14:00  Sensor Tower  
  200  14:05  Terran Vehicle Weapons Level 3, Terran Vehicle And Ship Armor Level 2  
  196  14:17  Raven x3  
  196  14:18  Siege Tank x2  
  196  14:20  Planetary Fortress  
  196  14:24  Marine x2, Viking x2  
  186  14:25  Marine  
  191  14:37  Marine x2  
  191  14:38  Marine  
  193  14:50  Siege Tank x2  
  193  14:52  Viking  
  198  14:54  SCV  
  198  14:55  SCV x4  
  198  14:58  Orbital Command, Planetary Fortress  
  188  15:18  Raven x2  
  188  15:21  Command Center  
  192  15:26  Sensor Tower  
  192  15:27  Neosteel Armor, Hi-Sec Auto Tracking  
  192  15:52  Missile Turret  
  192  15:54  Missile Turret  
  192  15:58  Missile Turret  
  192  16:00  Missile Turret  
  192  16:01  Missile Turret x2  
  183  16:15  Raven x2  
  183  16:16  Viking x3  
  192  16:25  Raven, Viking  
  193  16:29  Terran Vehicle And Ship Armor Level 3  
  193  16:31  Weapon Refit  
  192  16:34  Sensor Tower  
  192  16:37  Command Center x2, Planetary Fortress  
  192  16:42  Terran Ship Weapons Level 1  
  192  16:51  Missile Turret x2  
  186  16:57  Viking  
  186  16:58  Raven x2, Medivac x2  
  192  17:08  Raven  
  194  17:22  Medivac  
  196  17:34  Missile Turret  
  196  17:37  Barracks x2, Command Center  
  196  17:39  Barracks  
  196  17:41  Raven  
  198  17:44  Marine x2  
  200  17:57  Raven x2  
  200  17:58  Viking x3  
  182  17:59  Marine x8  
  182  18:02  Marine x2  
  192  18:06  Orbital Command  
  192  18:08  Orbital Command  
  192  18:10  Advanced Ballistics  
  192  18:16  Marine  
  192  18:17  Marine x2, Viking  
  197  18:24  Raven  
  199  18:30  Barracks Reactor x3  
  199  18:33  Refinery  
  199  18:35  Refinery  
  199  18:40  Raven  
  198  18:45  Marine, Viking x2  
  164  18:48  Siege Tank x2  
  164  18:50  Marine x4  
  164  18:51  Marine x3  
  172  18:56  Marine x2  
  172  18:58  Liberator x2  
  180  19:03  Marine  
  180  19:08  Marine x5  
  180  19:09  Marine x2, Viking  
  187  19:13  Marine x2  
  187  19:14  Marine x6  
  187  19:15  Command Center, Viking x2  
  199  19:21  Marine  
  196  19:25  Marine  
  196  19:26  Marine x3  
  200  19:37  Marine  
  200  19:38  Marine  

Tags
 
Add a new tag
Caveats
  • Supply blocks, unpowered buildings, or Contaminate may cause inaccurate times.
  • Supply counts are checked every 10 seconds.